 Dungeon Crawl Stone Soup version 0.26-a0-950-g52035dc9a5 (webtiles) character file.

Game seed: 16956108930871063650

18970 Fenil the Geomancer (level 12, -2/71 HPs)
             Began as a Gargoyle Earth Elementalist on Nov 29, 2020.
             Was a High Priest of Vehumet.
             Slain by a meliai
             ... wielding a +0 war axe
              (3 damage)
             ... on level 13 of the Dungeon.
             The game lasted 00:50:44 (14169 turns).

Fenil the Geomancer (Gargoyle Earth Elementalist)  Turns: 14169, Time: 00:50:44

Health: -2/71      AC: 20    Str: 14    XL:     12   Next: 64%
Magic:  7/33       EV: 17    Int: 22    God:    Vehumet [*****.]
Gold:   631        SH:  0    Dex: 14    Spells: 13/28 levels left

rFire    + . .     SeeInvis .   n - +3 whip "Perhor" {vorpal, rF+ Str+3 Dex+4}
rCold    + . .     Faith    .   (no shield)
rNeg     + + .     Spirit   .   G - +1 robe {rC+}
rPois    ∞         Reflect  .   F - +1 helmet
rElec    +         Harm     .   w - +2 cloak
rCorr    .         Rampage  .   (no gloves)
MR       .....     Rnd*Tele +   D - +1 pair of boots
Stlth    ++........             i - amulet of magic regeneration
HPRegen  0.21/turn              m - ring of magical power
MPRegen  0.48/turn              f - ring of positive energy

@: no status effects
A: talons 1, repulsion field 1, negative energy resistance 1, electricity
resistance, teleportitis 1, unbreathing, petrification resistance, rot immunity,
AC +8
a: Renounce Religion


You were on level 13 of the Dungeon.
You worshipped Vehumet.
Vehumet was extremely pleased with you.
You visited 2 branches of the dungeon, and saw 14 of its levels.

You collected 878 gold pieces.
You spent 247 gold pieces at shops.

Inventory:

Hand Weapons
 c - a +0 morningstar
 n - the +3 whip "Perhor" (weapon) {vorpal, rF+ Str+3 Dex+4}
   (You found it on level 7 of the Dungeon)

   It inflicts extra damage upon your enemies.
   It affects your strength (+3).
   It affects your dexterity (+4).
   It protects you from fire.
 z - a +3 vorpal mace
Missiles
 b - 278 stones (quivered)
 l - 10 silver javelins
 t - 2 throwing nets
Armour
 s - a scarf of repulsion
 w - a +2 cloak (worn)
 D - a +1 pair of boots (worn)
 F - a +1 helmet (worn)
 G - a +1 robe of cold resistance (worn)
 K - a +2 leather armour of fire resistance
 N - a +0 troll leather armour
Magical Staves
 H - an uncursed staff of cold
Jewellery
 f - a ring of positive energy (right hand)
 i - an amulet of magic regeneration (around neck)
 m - a ring of magical power (left hand)
 O - an uncursed ring of fire
Wands
 e - a wand of digging (1)
 g - a wand of paralysis (16)
 j - a wand of random effects (43)
 p - a wand of flame (19)
 x - a wand of iceblast (10)
 A - a wand of disintegration (11)
 I - a wand of polymorph (19)
Scrolls
 h - 10 scrolls of teleportation
 r - 9 scrolls of remove curse
 u - 5 scrolls of identify
 v - 3 scrolls of amnesia
 y - a scroll of blinking
Potions
 a - 4 potions of curing
 d - a potion of flight
 k - 3 potions of might
 o - 2 potions of cancellation
 q - 2 potions of attraction
 B - 3 potions of heal wounds
 C - a potion of resistance
 E - 2 potions of brilliance
 L - a potion of lignification
 M - a potion of invisibility
Miscellaneous
 J - a box of beasts


   Skills:
 + Level 6.5 Fighting
 + Level 5.8 Maces & Flails
 - Level 6.0 Armour
 + Level 5.1 Dodging
 - Level 2.1 Stealth
 + Level 8.5 Spellcasting
 + Level 9.6 Conjurations
 - Level 0.7 Transmutations
 * Level 3.1 Fire Magic
 + Level 11.3 Earth Magic
 + Level 5.3 Evocations


You had 13 spell levels left.
You knew the following spells:

 Your Spells              Type           Power        Failure   Level
a - Sandblast             Erth           ######       1%          1
b - Stone Arrow           Conj/Erth      ######       1%          3
c - Lee's Rapid Deconstr  Erth           ######....   1%          5
d - Apportation           Tloc           #.....       7%          1
e - Bolt of Magma         Conj/Fire/Erth #####.....   1%          5

Your spell library contained the following spells:

 Spells                   Type           Power        Failure   Level
 Passwall                 Tmut/Erth      #####...     1%          2
 Conjure Flame            Conj/Fire      #####...     1%          3
 Mephitic Cloud           Conj/Pois/Air  ###.....     1%          3
 Petrify                  Tmut/Erth      #####...     6%          4
 Animate Skeleton         Necr           #.....       7%          1
 Corona                   Hex            #......      7%          1
 Summon Small Mammal      Summ           #...         7%          1
 Call Imp                 Summ           #.......     11%         2
 Poisonous Vapours        Pois/Air       #.....       11%         2
 Call Canine Familiar     Summ           #.......     22%         3
 Summon Guardian Golem    Hex/Summ       #.......     22%         3
 Freezing Cloud           Conj/Ice/Air   ###.......   54%         6
 Summon Ice Beast         Ice/Summ       #.......     56%         4
 Summon Lightning Spire   Summ/Air       #.......     56%         4


Dungeon Overview and Level Annotations

Branches:
Dungeon (13/15)            Temple (1/1) D:5            Lair (0/6) D:10
    Orc (0/2) D:9
 Vaults: D:13-14

Altars:
Ashenzari
Cheibriados
Dithmenos
Elyvilon
Gozag
Hepliaklqana
Kikubaaqudgha
Makhleb
Nemelex Xobeh
Qazlal
Ru
Sif Muna
Trog
Uskayaw
Vehumet
Wu Jian
Xom
Zin
The Shining One

Shops:
D:10 }*


Innate Abilities, Weirdness & Mutations

You are resistant to torment.
Your stone body is resilient. (AC +8)
You are immune to poison.
You resist negative energy. (rN+)
You are resistant to electric shocks. (rElec)
You can survive without breathing.
You are immune to petrification.
You are immune to rotting.
You have sharp toenails.
You are surrounded by a mild repulsion field. (EV +2)
You are occasionally teleported next to monsters.


Message History

Press: ? - help, Shift-Dir - straight line The tengu warrior blocks the blast of sand.
b - 278 stones The meliai mumbles some strange prayers to its god against you.
Something smites you!
* * * LOW HITPOINT WARNING * * *
The meliai completely misses you. The meliai stings you.
* * * LOW HITPOINT WARNING * * *
The tengu warrior hits you with a +2 vorpal long sword.
* * * LOW HITPOINT WARNING * * *
x2 The tengu warrior misses you.
The tengu warrior closely misses you.
You feel much better.
The meliai mumbles some strange prayers to its god against you.
Something smites you!
* * * LOW HITPOINT WARNING * * *
The tengu warrior misses you.
The tengu warrior pecks you but does no damage.
The tengu warrior claws you but does no damage.
The meliai closely misses you. The meliai stings you.
You die...

#.....# #.....# ####
#.....###########...
#.................##
#.....#############
#####.....#
..........#
#####.....# ###@###
#yQ# #†## #.).....#
#...y...# #.......#
#..[....# #.......'.
#.y.....#.


You could see a tengu warrior and a meliai.

Vanquished Creatures
  Fannar (D:10)
  Erolcha (D:10)
  Erica (D:10)
  A two-headed ogre (D:8)
  Sonja (D:10)
  2 unseen horrors
  An ugly thing (D:12)
  A deep elf mage (D:12)
  A wolf spider (D:7)
  A manticore (D:11)
  A centaur zombie (D:12)
  Joseph (D:7)
  A gargoyle (D:11)
  3 kobold demonologists
  2 trolls (D:12)
  2 meliai (D:13)
  Grinder (D:6)
  8 yaks
  2 wyverns (D:10)
  A shadow (D:12)
  2 basilisks
  A soldier ant (D:12)
  6 water moccasins
  2 black bears (D:10)
  8 sky beasts
  3 ice beasts
  5 orc warriors
  An eye of draining (D:11)
  A hornet zombie (D:12)
  A necrophage (D:12)
  4 phantoms
  3 ogres
  3 wolves (D:10)
  3 centaurs
  Blork the orc (D:4)
  2 big kobolds
  A gnoll sergeant (D:8)
  6 bullfrogs
  A water moccasin zombie (D:6)
  A wyvern zombie (D:12)
  5 scorpions
  24 killer bees
  10 wights
  4 howler monkeys
  A bullfrog zombie (D:8)
  A jelly (D:11)
  2 quasits
  2 centaur skeletons
  14 orc priests
  7 hounds
  9 orc wizards
  Ijyb (D:5)
  4 iguanas
  7 worker ants
  3 hound zombies
  2 hound skeletons
  A mummy (D:7)
  13 gnolls
  16 adders
  A shadow imp (D:8)
  6 white imps
  An ufetubus (D:5)
  An ooze (D:6)
  An adder zombie (D:5)
  3 adder skeletons
  A worm (D:2)
  6 dart slugs
  9 leopard geckos
  56 orcs
  4 bats
  4 giant cockroaches
  8 goblins
  11 hobgoblins
  7 jackals
  12 kobolds
  4 quokkas
  4 ball pythons
  A ball python zombie (D:5)
  4 frilled lizards
  A hobgoblin zombie (D:7)
  2 kobold zombies (D:7)
  A leopard gecko skeleton (D:4)
  A leopard gecko zombie (D:8)
  An orc zombie (D:7)
  6 rats
370 creatures vanquished.

Vanquished Creatures (others)
  A quokka (D:12)
  4 fungi (D:10)
  20 plants (D:10)
25 creatures vanquished.

Grand Total: 395 creatures vanquished

Notes
Turn   | Place    | Note
-------+----------+-------------------------------------------
     0 | D:1      | Fenil the Gargoyle Earth Elementalist began the quest for
                  | the Orb.
     0 | D:1      | Reached XP level 1. HP: 10/10 MP: 3/3
   411 | D:1      | Reached XP level 2. HP: 15/15 MP: 5/5
   438 | D:1      | Reached skill level 4 in Earth Magic
   782 | D:1      | Reached XP level 3. HP: 19/19 MP: 6/6
   786 | D:1      | Learned a level 3 spell: Stone Arrow
  1891 | D:2      | Found a bloodstained altar of Trog.
  2195 | D:3      | Reached skill level 1 in Conjurations
  2368 | D:3      | Reached XP level 4. HP: 24/24 MP: 8/8
  2512 | D:3      | Reached skill level 5 in Earth Magic
  2665 | D:3      | Reached XP level 5. HP: 28/28 MP: 9/9
  2872 | D:3      | Learned a level 5 spell: Lee's Rapid Deconstruction
  3349 | D:4      | Found a sparkling altar of Nemelex Xobeh.
  3451 | D:4      | Reached XP level 6. HP: 25/32 MP: 11/11
  3784 | D:4      | Reached skill level 6 in Earth Magic
  3788 | D:4      | Reached XP level 7. HP: 36/36 MP: 13/13
  3846 | D:4      | Found a white marble altar of Elyvilon.
  3937 | D:4      | Noticed Blork the orc
  3941 | D:4      | Killed Blork the orc
  4006 | D:4      | Found a shimmering blue altar of Sif Muna.
  4114 | D:5      | Entered Level 5 of the Dungeon
  4147 | D:5      | Reached skill level 7 in Earth Magic
  4255 | D:5      | Found a staircase to the Ecumenical Temple.
  4268 | Temple   | Entered the Ecumenical Temple
  4281 | Temple   | Became a worshipper of Vehumet
  4358 | D:5      | Noticed Ijyb
  4374 | D:5      | Killed Ijyb
  4375 | D:5      | Reached skill level 5 in Spellcasting
  4375 | D:5      | Reached skill level 5 in Conjurations
  4375 | D:5      | Reached XP level 8. HP: 38/41 MP: 6/15
  4979 | D:5      | Got a fabulously ornate robe
  4990 | D:5      | Identified the cursed +0 robe "Oris" {rElec Int-3 Dex+8}
                  | (You found it on level 5 of the Dungeon)
  5201 | D:6      | You fall into a shaft and drop 3 floors!
  5280 | D:8      | Reached skill level 8 in Earth Magic
  5660 | D:7      | Gained mutation: You are surrounded by a mild repulsion
                  | field. (EV +2) [potion of mutation]
  5660 | D:7      | Gained mutation: You are occasionally teleported next to
                  | monsters. [potion of mutation]
  5660 | D:7      | Gained mutation: You have sharp toenails. [potion of
                  | mutation]
  5794 | D:7      | Reached * piety under Vehumet
  5794 | D:7      | Offered knowledge of Foxfire by Vehumet.
  5795 | D:7      | Reached XP level 9. HP: 45/45 MP: 18/18
  6014 | D:7      | Reached skill level 9 in Earth Magic
  6084 | D:6      | Noticed Grinder
  6088 | D:6      | Killed Grinder
  6089 | D:6      | Reached skill level 1 in Fighting
  6089 | D:6      | Reached skill level 1 in Armour
  6237 | D:6      | Reached skill level 1 in Maces & Flails
  6237 | D:6      | Reached skill level 1 in Evocations
  6818 | D:7      | Found a shimmering altar of Xom.
  6892 | D:7      | Noticed Joseph
  6904 | D:7      | Reached ** piety under Vehumet
  6905 | D:7      | Offered knowledge of Freeze by Vehumet.
  6907 | D:7      | Killed Joseph
  6922 | D:7      | Found a transporter.
  6922 | D:7      | Found a transporter.
  6994 | D:7      | Found a shadowy altar of Dithmenos.
  6995 | D:7      | Found an ornate altar of the Wu Jian Council.
  6997 | D:7      | Noticed a wolf spider
  7000 | D:7      | You fall into a shaft and drop 2 floors!
  7025 | D:8      | Reached XP level 10. HP: 45/54 MP: 20/20
  7027 | D:8      | Noticed a two-headed ogre
  7036 | D:8      | Killed a two-headed ogre
  8117 | D:7      | Killed a wolf spider
  8163 | D:7      | Got a slimy whip
  8164 | D:7      | Identified the cursed +3 whip "Perhor" {vorpal, rF+ Str+3
                  | Dex+4} (You found it on level 7 of the Dungeon)
  8433 | D:8      | Offered knowledge of Searing Ray by Vehumet.
  8789 | D:8      | Reached *** piety under Vehumet
  8906 | D:8      | Found a burning altar of Makhleb.
  9248 | D:9      | Reached skill level 10 in Earth Magic
  9251 | D:9      | Offered knowledge of Conjure Flame by Vehumet.
  9638 | D:9      | Found a staircase to the Orcish Mines.
 10046 | D:10     | Entered Level 10 of the Dungeon
 10046 | D:10     | Noticed Erica
 10140 | D:10     | Found a staircase to the Lair.
 10140 | D:10     | Noticed Sonja
 10140 | D:10     | Noticed Fannar
 10179 | D:10     | Noticed Erolcha
 10198 | D:10     | Killed Erolcha
 10198 | D:10     | Reached **** piety under Vehumet
 10199 | D:10     | Reached XP level 11. HP: 51/62 MP: 18/22
 10575 | D:10     | Offered knowledge of Lightning Bolt by Vehumet.
 10712 | D:10     | Killed Fannar
 10720 | D:10     | Reached skill level 5 in Armour
 10996 | D:10     | Killed Erica
 10997 | D:10     | Reached skill level 5 in Fighting
 11029 | D:10     | Killed an unseen horror
 11132 | D:10     | Found Teusmiokh's Gadget Shoppe.
 11143 | D:10     | Killed Sonja
 11373 | D:10     | Found Dazetwil's Hallowed Reliquary.
 11667 | D:10     | Found a glowing golden altar of the Shining One.
 11667 | D:10     | Noticed an angel
 11675 | D:10     | Bought a potion of curing for 39 gold pieces
 11675 | D:10     | Bought a potion of heal wounds for 65 gold pieces
 11675 | D:10     | Bought a potion of curing for 39 gold pieces
 11675 | D:10     | Bought a potion of curing for 39 gold pieces
 11675 | D:10     | Bought a potion of heal wounds for 65 gold pieces
 12173 | D:11     | Reached skill level 5 in Maces & Flails
 12222 | D:11     | Learned a level 1 spell: Apportation
 12254 | D:11     | Reached ***** piety under Vehumet
 12255 | D:11     | Reached XP level 12. HP: 69/69 MP: 24/24
 12721 | D:11     | Reached skill level 11 in Earth Magic
 12864 | D:11     | Offered knowledge of Bolt of Magma by Vehumet.
 12871 | D:11     | Learned a level 5 spell: Bolt of Magma
 13155 | D:12     | Reached skill level 1 in Fire Magic
 13156 | D:12     | Reached skill level 5 in Evocations
 13603 | D:12     | Reached skill level 5 in Dodging
 14162 | D:13     | Noticed a tengu warrior
 14168 | D:13     | HP: 2/71 [tengu warrior/+2 vorpal long sword (2)]
 14169 | D:13     | Slain by a meliai

Illustrated notes

Levels and vault maps discovered:
D:1:      wheals_arrival_linesprint, layout_loops_ring
D:2:      layout_basic, lemuel_crystal_altar
D:3:      layout_loops_ring, serial_glass, glass_columns_a, glass_columns_b,
          kennysheep_pointless_box, minmay_misc_feat_room, minivault_14
D:4:      layout_cave_pools, elyvilon_altar_3, nicolae_overflow_crystal_walls,
          serial_rivers, chequers_serial_rivers_room_a,
          chequers_serial_rivers_micro_c, chequers_serial_rivers_small_b,
          chequers_serial_rivers_marsh, chequers_serial_rivers_room_b,
          chequers_serial_rivers_room_b, led_sif_pool, uniq_blork_the_orc
D:5:      layout_loops_ring, minmay_temple_entry_sparse_star,
          grunt_decor_clamped, hangedman_minor_gate_pass, uniq_ijyb
D:6:      layout_rooms, corexii_shack, st_stairs_1, uniq_grinder
D:7:      layout_rooms, gammafunk_temple_overflow_arena, basic_altar,
          minmay_mini_ossuary, uniq_joseph
D:8:      layout_loops_ring, marbit_many_paths, serial_aquarium,
          aquarium_bridge_long_separate [aquarium_subvault_bridge,
          aquarium_subvault_balcony, aquarium_subvault_window,
          aquarium_subvault_bridge, aquarium_subvault_wall,
          aquarium_subvault_window], aquarium_window_1, aquarium_window_2,
          aquarium_view_2a, aquarium_view_2g, aquarium_balcony_3a,
          nicolae_zen_rock_garden
D:9:      layout_loops_cross, lightli_bailey_entry_fortress
D:10:     layout_rooms, minmay_lair_entry_grove, serial_shops, shop_coins,
          nicolae_good_shop, uniq_erica, uniq_fannar, uniq_sonja, uniq_erolcha
D:11:     layout_stronghold, minmay_fractal_squares_5
D:12:     layout_basic
D:13:     layout_roguey
Temple:   lightli_temple_of_artemis

Skill      XL: |  1  2  3  4  5  6  7  8  9 10 11 12 |
---------------+-------------------------------------+-----
Earth Magic    | 4 5 6 7 8 9 10 11 | 11.3
Conjurations   | 1 2 3 5 6 7 8 9 |  9.6
Spellcasting   | 3 4 5 6 7 8 |  8.5
Fighting       | 2 4 5 6 |  6.5
Armour         | 2 4 5 6 |  6.0
Dodging        | 2 3 4 5 |  5.1
Maces & Flails | 2 3 5 |  5.8
Evocations     | 2 3 4 5 |  5.3
Fire Magic     | 3 |  3.1
Stealth        | |  2.1
Transmutations | |  0.7

Action                   |  1- 3 |  4- 6 |  7- 9 | 10-12 || total
-------------------------+-------+-------+-------+-------++-------
Melee: Club              |    16 |       |       |       ||    16
       Dagger            |   126 |    94 |       |       ||   220
       Mace              |       |    16 |   210 |    51 ||   277
       Kick              |       |       |    17 |    11 ||    28
       Whip              |       |       |       |   447 ||   447
Throw: Javelin           |     2 |       |       |       ||     2
 Cast: Sandblast         |    20 |    49 |    75 |   116 ||   260
       Lee's Rapid Decon |       |       |    12 |    60 ||    72
       Stone Arrow       |       |       |     5 |    21 ||    26
Evoke: Wand              |       |       |     3 |    20 ||    23
  Use: Scroll            |    10 |     3 |     7 |    15 ||    35
       Potion            |       |       |     4 |     2 ||     6
 Stab: Sleeping          |     2 |     3 |     4 |     2 ||    11
       Distracted        |       |     1 |       |     1 ||     2
       Paralysed         |       |       |       |     3 ||     3
Armor: Robe              |    39 |    57 |   134 |   197 ||   427
Dodge: Dodged            |   111 |    89 |   210 |   499 ||   909
       Repelled          |       |       |     1 |     1 ||     2

Table legend: (Time is in decaauts)
 A = Elapsed time spent in this place.
 B = Non-inter-level travel time spent in this place.
 C = Inter-level travel time spent in this place.
 D = Time resting spent in this place.
 E = Time spent auto-exploring this place.
 F = Levels seen in this place.
 G = Mean time per level.
                   A        B        C        D        E       F      G
               +--------+--------+--------+--------+--------+-----+--------+
         Total |  14235 |  13831 |    404 |   2042 |   8253 |  14 | 1016.8 |
       Dungeon |  14210 |  13817 |    393 |   2042 |   8253 |  13 | 1093.1 |
        Temple |     24 |     13 |     11 |      0 |      0 |   1 |   24.0 |
               +--------+--------+--------+--------+--------+-----+--------+

Top non-repeatable levels by time:
     D:9: 1814 daAuts
     D:7: 1458 daAuts
     D:8: 1342 daAuts
     D:1: 1313 daAuts
    D:10: 1308 daAuts
    D:12: 1128 daAuts
     D:3: 1117 daAuts
    D:11: 1086 daAuts
     D:5: 1031 daAuts
     D:4: 879 daAuts
     D:6: 855 daAuts
     D:2: 829 daAuts
    D:13: 45 daAuts
  Temple: 24 daAuts
